 Dungeon Crawl Stone Soup version 0.24.0-37-gcf1ca852f1 (webtiles) character file.

Game seed: 620736800064591501, levelgen mode: deterministic

119 Goreval the Skirmisher (level 4, -12/37 HPs)
             Began as a Demonspawn Monk on Dec 6, 2019.
             Was a Believer of Makhleb.
             Splashed by Ijyb's acid (13 damage)
             ... on level 4 of the Dungeon.
             The game lasted 00:06:07 (2147 turns).

Goreval the Skirmisher (Demonspawn Monk)            Turns: 2147, Time: 00:06:08

Health: -12/37     AC: 13    Str: 12    XL:     4   Next: 74%
Magic:  4/4        EV: 12    Int: 12    God:    Makhleb [**....]
Gold:   126        SH:  0    Dex: 15    Spells: 3/3 levels left

rFire    + . .     SeeInvis .   a - +0 hand axe
rCold    . . .     Gourm    .   (no shield)
rNeg     . . .     Faith    .   e - +2 ring mail {rF+}
rPois    .         Spirit   .   l - +0 helmet
rElec    .         Reflect  .   (no cloak)
rCorr    .         Harm     .   m - +2 pair of gloves
MR       .....                  (no boots)
Stlth    +.........             (no amulet)
HPRegen  0.12/turn              (no ring)
MPRegen  0.09/turn              (no ring)

@: no status effects
A: talons 1, molten scales 1
a: Minor Destruction, Renounce Religion


You were on level 4 of the Dungeon.
You worshipped Makhleb.
Makhleb was pleased with you.
You were not hungry.

You visited 1 branch of the dungeon, and saw 4 of its levels.

You collected 126 gold pieces.

Inventory:

Hand Weapons
 a - a +0 hand axe (weapon)
Armour
 e - a +2 ring mail of fire resistance (worn)
 l - a +0 helmet (worn)
 m - a +2 pair of gloves (worn)
Scrolls
 h - 4 scrolls of enchant armour {unknown}
 j - a scroll of amnesia {unknown}
 n - 2 scrolls of identify
 o - a scroll of immolation {unknown}
 q - a scroll of fog {unknown}
Potions
 b - a potion of haste {unknown}
 d - a potion of lignification
 g - a potion of flight {unknown}
 i - a potion of invisibility {unknown}
 k - 3 potions of curing {unknown}
 p - a potion of berserk rage {unknown}
Comestibles
 c - 5 rations


   Skills:
 + Level 3.7 Fighting
 - Level 3.0 Axes
 * Level 0.2 Armour
 - Level 3.3 Dodging
 - Level 1.7 Stealth
 * Level 2.4 Unarmed Combat
 + Level 0.5 Invocations


You had 3 spell levels left.
You didn't know any spells.
Your spell library was empty.

Dungeon Overview and Level Annotations

Branches:
Dungeon (4/15)
 Temple: D:4-7

Altars:
Makhleb
Okawaru

Annotations:
D:4 Ijyb


Innate Abilities, Weirdness & Mutations

You have sharp toenails.
You are partially covered in molten scales. (AC +2)


Message History

You barely miss Ijyb. You claw Ijyb, but do no damage.
Ijyb zaps a wand.
The bolt of acid hits you!
You are splashed with acid!
* * * LOW HITPOINT WARNING * * *
You hit Ijyb. Ijyb hits you but does no damage.
You closely miss Ijyb. You claw Ijyb, but do no damage.
Ijyb zaps a wand.
The bolt of acid misses you.
Here: Ijyb, wearing a +0 ring mail and carrying a wand of acid (7) (moderately wounded)
The floor.
You aren't carrying any items that you can evoke.
Unknown command.
You aren't carrying any items that you can evoke.
Unknown command.
You barely miss Ijyb. You claw Ijyb.
Ijyb zaps a wand.
The bolt of acid hits you!
* * * LOW HITPOINT WARNING * * *
You are splashed with acid!
You die...

#.### #..
.....####(.##
..........#
###.#..#
#.#####..# #
#......#
#(.<.....#
#.##.
#..###.#####.##
... #......#
#g###.######
#.@..........
#############


You could see Ijyb.

Vanquished Creatures
  A howler monkey (D:3)
  3 adders
  A worm (D:3)
  A dart slug (D:1)
  2 leopard geckos
  2 orcs (D:3)
  4 giant cockroaches (D:3)
  4 goblins
  6 hobgoblins
  2 quokkas (D:3)
  2 ball pythons (D:3)
  5 bats
  2 frilled lizards
  3 kobolds
  8 rats
46 creatures vanquished.

Notes
Turn   | Place    | Note
-------+----------+-------------------------------------------
     0 | D:1      | Goreval the Demonspawn Monk began the quest for the Orb.
     0 | D:1      | Reached XP level 1. HP: 18/18 MP: 1/1
   282 | D:3      | Gained mutation: You have sharp toenails. [demonic
                  | ancestry]
   282 | D:3      | Reached XP level 2. HP: 13/24 MP: 2/2
   473 | D:3      | Noticed a howler monkey
   485 | D:3      | Reached skill level 1 in Unarmed Combat
   486 | D:3      | HP: 1/24 [orc/+0 war axe (3)]
   728 | D:3      | Killed a howler monkey
   728 | D:3      | Gained mutation: You are partially covered in molten
                  | scales. (AC +2) [demonic ancestry]
   728 | D:3      | Reached XP level 3. HP: 3/29 MP: 3/3
   734 | D:3      | Reached XP level 4. HP: 4/35 MP: 4/4
  1292 | D:1      | Found an iron altar of Okawaru.
  1555 | D:2      | Found a burning altar of Makhleb.
  1563 | D:2      | Became a worshipper of Makhleb the Destroyer
  1563 | D:2      | Reached * piety under Makhleb
  1563 | D:2      | Reached ** piety under Makhleb
  2137 | D:4      | Noticed Ijyb
  2147 | D:4      | HP: 1/37 [Ijyb/bolt of acid (11)]
  2147 | D:4      | Splashed by Ijyb's acid

Levels and vault maps discovered:
D:1:      dpeg_arrival_radiant, layout_basic, okawaru_ov_weapons_minmay
D:2:      layout_rooms, nicolae_overflow_crystal_walls
D:3:      layout_rooms, portal_sewer_entry_e, first_ration
D:4:      layout_loops_ring, kennysheep_mini,
          minmay_temple_entry_statues_fountains, corexii_leaking_fountain,
          goddamned_bats, uniq_natasha, uniq_ijyb

Skill      XL: |  1  2  3  4 |
---------------+-------------+-----
Axes           | 3 |  3.0
Dodging        | 3 |  3.3
Unarmed Combat | 1 2 |  2.4
Fighting       | |  3.7
Armour         | |  0.2
Stealth        | |  1.7
Invocations    | |  0.5

Action                   |  1- 3 |  4- 6 || total
-------------------------+-------+-------++-------
Melee: Hand axe          |    85 |    80 ||   165
       Kick              |    13 |    18 ||    31
  Use: Potion            |     1 |       ||     1
       Scroll            |       |     3 ||     3
 Stab: Sleeping          |       |     1 ||     1
  Eat: Chunk             |       |     4 ||     4
Armor: Ring mail         |    44 |    35 ||    79
Dodge: Dodged            |    59 |    43 ||   102
